 Dungeon Crawl Stone Soup version 0.28.0-53-g5a82cb258f (webtiles) character file.

Game seed: 11311779843186387287

646 mcbry74 the Carver (level 7, -6/57 HPs)
             Began as a Minotaur Berserker on June 22, 2022.
             Was a Priest of Trog.
             Mangled by an ogre
             ... wielding a +0 giant club
              (12 damage)
             ... on level 5 of the Dungeon.
             The game lasted 00:13:28 (3802 turns).

mcbry74 the Carver (Minotaur Berserker)             Turns: 3802, Time: 00:13:28

Health: -6/57      AC:  4    Str: 25 (27) XL:     7   Next: 27%
Magic:  6/6        EV: 16    Int:  5 (6)  God:    Trog [***...]
Gold:   164        SH:  0    Dex:  9 (10) Spells: 6/6 levels left

rFire   . . .      SeeInvis .   a - +0 falchion
rCold   . . .      Faith    .   (no shield)
rNeg    . . .      Spirit   .   b - +0 animal skin
rPois   .          Reflect  .   (helmet restricted)
rElec   .          Harm     .   (no cloak)
rCorr   .          Rampage  .   i - +1 pair of gloves
Will    .....                   (no boots)
Stlth   +.........              t - amulet of regeneration
HPRegen 0.99/turn               u - +4 ring of evasion
MPRegen 0.10/turn               r - +6 ring of strength

@: lethally poisoned (-6 -> -7)
A: horns 2, retaliatory headbutt
a: Renounce Religion, Berserk, Trog's Hand


You were on level 5 of the Dungeon.
You worshipped Trog.
Trog was most pleased with you.
You visited 1 branch of the dungeon, and saw 5 of its levels.

You collected 164 gold pieces.

Inventory:

Hand Weapons
 a - a +0 falchion (weapon)
 n - the +1 hunting sling of the Fool {venom, rCorr}
   (You found it on level 3 of the Dungeon)

   Any ammunition fired from it poisons the flesh of those it strikes.
   rCorr:     It protects you from acid and corrosion.
 v - a +4 dagger
Missiles
 l - 2 throwing nets (quivered)
 y - 50 sling bullets
Armour
 b - a +0 animal skin (worn)
 i - a +1 pair of gloves (worn)
 z - a +2 robe of fire resistance
Jewellery
 q - a ring of positive energy
 r - a +6 ring of strength (right hand)
 t - an amulet of regeneration (around neck)
 u - a +4 ring of evasion (left hand)
Wands
 x - a wand of paralysis (7)
Scrolls
 c - a scroll of immolation {unknown}
 d - 2 scrolls of fog {unknown}
 f - 4 scrolls of identify {unknown}
 h - 2 scrolls of enchant weapon {unknown}
 j - a scroll of enchant armour {unknown}
 k - 2 scrolls of teleportation {unknown}
 p - a scroll of summoning {unknown}
 w - a scroll of acquirement {unknown}
 A - a scroll of vulnerability {unknown}
Potions
 e - 2 potions of degeneration
 g - a potion of mutation {unknown}
 m - a potion of cancellation {unknown}
 o - a potion of attraction {unknown}
 s - a potion of curing {unknown}


   Skills:
 - Level 3.6 Fighting
 * Level 9.0 Long Blades
 + Level 2.2 Slings
 + Level 3.6 Armour
 + Level 3.3 Dodging


You had 6 spell levels left.
You didn't know any spells.
Your spell library was empty.

Dungeon Overview and Level Annotations

Branches:
Dungeon (5/15)
 Temple: D:4-7

Altars:
Dithmenos
Hepliaklqana
Kikubaaqudgha
Okawaru
Trog
Wu Jian
Xom

Shops:
D:2 *


Innate Abilities, Weirdness & Mutations

You have a pair of horns on your head.
You reflexively headbutt those who attack you in melee.


Message History

The white imp hits you but does no damage.
You barely miss the white imp.
You feel sick.
You are no longer poisoned.
The white imp barely misses you. You furiously retaliate!
You headbutt the white imp.
An ogre comes into view. It is wielding a +0 giant club.
You hit the adder.
The adder is moderately wounded.
The adder misses you. The white imp misses you. You furiously retaliate!
You headbutt the white imp!
You kill the white imp!
Trog accepts your kill.
Your Long Blades skill increases to level 9!
The adder misses you. The adder bites you but does no damage.
You miss the adder.
The adder is moderately wounded.
The adder bites you.
* * * LOW HITPOINT WARNING * * *
You are poisoned.
The adder poisons you!
You feel sick. The ogre closely misses you. You furiously retaliate!
You headbutt the ogre. The adder bites you.
* * * LOW HITPOINT WARNING * * *
You are more poisoned.
The adder poisons you!
You feel very sick. The adder misses you.
You feel sick. The adder misses you. You furiously retaliate!
You headbutt the adder!
You kill the adder!
Trog accepts your kill.
You feel sick.
Okay, then.
You hit the ogre.
The ogre is heavily wounded.
You feel sick. The ogre misses you.
You slash the ogre! You headbutt the ogre.
The ogre is almost dead.
You feel sick. The ogre hits you with a +0 giant club!
You die...

##########################
..........................
.................<........
........^.................
.##...##..###....###..####
#.. #..###....###..##.. #.
#...#.............. #
#.O.#..............
#.@.#..............
#...########.<.####
#...##...###[..#
######.........#
..............+
..............#
.........)....#
...##...##...##
...##...######


You could see an ogre.

Vanquished Creatures
  Sigmund (D:5)
  A black bear (D:5)
  A scorpion (D:5)
  A jelly (D:4)
  2 hounds (D:4)
  An orc priest (D:4)
  Jessica (D:2)
  An orc wizard (D:4)
  3 gnolls (D:4)
  5 adders
  A white imp (D:5)
  An adder skeleton (D:4)
  4 dart slugs
  5 orcs
  4 bats
  6 endoplasms
  3 giant cockroaches
  3 hobgoblins (D:1)
  4 jackals (D:1)
  3 quokkas
  3 ball pythons
  7 frilled lizards
  8 goblins
  4 kobolds
  5 rats
78 creatures vanquished.

Notes
Turn   | Place    | Note
-------+----------+-------------------------------------------
     0 | D:1      | mcbry74 the Minotaur Berserker began the quest for the Orb.
     0 | D:1      | Reached XP level 1. HP: 19/19 MP: 0/0
    58 | D:1      | Reached skill level 4 in Long Blades
   143 | D:1      | Reached XP level 2. HP: 25/26 MP: 1/1
   753 | D:1      | Reached skill level 5 in Long Blades
   803 | D:1      | Reached XP level 3. HP: 31/31 MP: 2/2
   939 | D:2      | Noticed Jessica
   941 | D:2      | Reached ** piety under Trog
   946 | D:2      | Killed Jessica
  1549 | D:2      | Found Efaatz's General Store.
  1566 | D:2      | Reached skill level 6 in Long Blades
  1566 | D:2      | Reached XP level 4. HP: 38/39 MP: 3/3
  1725 | D:3      | Found a bloodstained altar of Trog.
  1762 | D:3      | Identified the +1 hunting sling of the Fool {venom, rCorr}
  2463 | D:4      | Reached skill level 7 in Long Blades
  2463 | D:4      | Reached XP level 5. HP: 45/45 MP: 4/4
  2608 | D:4      | Reached skill level 8 in Long Blades
  3058 | D:4      | Reached XP level 6. HP: 49/51 MP: 5/5
  3228 | D:4      | Found a hazy altar of Hepliaklqana.
  3230 | D:4      | Found an ancient bone altar of Kikubaaqudgha.
  3230 | D:4      | Found a shimmering altar of Xom.
  3230 | D:4      | Found an ornate altar of the Wu Jian Council.
  3230 | D:4      | Found a shadowy altar of Dithmenos.
  3231 | D:4      | Found an iron altar of Okawaru.
  3576 | D:4      | Reached *** piety under Trog
  3730 | D:5      | Entered Level 5 of the Dungeon
  3734 | D:5      | Noticed Sigmund
  3741 | D:5      | Killed Sigmund
  3742 | D:5      | Reached skill level 1 in Slings
  3784 | D:5      | Reached XP level 7. HP: 34/57 MP: 6/6
  3795 | D:5      | Reached skill level 9 in Long Blades
  3802 | D:5      | Mangled by an ogre

Illustrated notes

Levels and vault maps discovered:
D:1:      dpeg_arrival_simpleton_a, layout_loops_cross,
          kennysheep_pointless_box, due_unseen_surprise
D:2:      layout_loops_ring, serial_shops, shop, minmay_misc_feat_more_columns,
          minmay_misc_feat_secret_circle, uniq_jessica
D:3:      layout_basic, lemuel_crystal_altar, corner_web_ring, hex_large,
          minmay_close_crescents
D:4:      layout_loops_corners, grunt_temple_overflow_open
D:5:      layout_gridville, uniq_crazy_yiuf_cottage, uniq_sigmund

Skill      XL: |  1  2  3  4  5  6  7 |
---------------+----------------------+-----
Long Blades    | 4 5 6 7 8 9 |  9.0
Slings         | 1 2 |  2.2
Armour         | 3 |  3.6
Dodging        | 3 |  3.3
Fighting       | |  3.6

Action                   |  1- 3 |  4- 6 |  7- 9 || total
-------------------------+-------+-------+-------++-------
Melee: Falchion          |    62 |   102 |    10 ||   174
       Headbutt          |     7 |    17 |     1 ||    25
Invok: Berserk           |       |     1 |       ||     1
  Use: Potion            |       |       |     1 ||     1
 Stab: Sleeping          |       |     2 |       ||     2
Armor: Animal skin       |    10 |    20 |     4 ||    34
Dodge: Dodged            |    27 |    68 |    10 ||   105
